 Dungeon Crawl Stone Soup version 0.31.0-11-ge490571c62 (webtiles) character file.

Game seed: 4098228091715000451

47 qw the Shooter (level 3, -2/18 HPs)
             Began as a Spriggan Hunter on Feb 4, 2024.
             Slain by a ribbon worm (7 damage)
             ... on level 2 of the Dungeon.
             The game lasted 00:00:02 (800 turns).

qw the Shooter (Spriggan Hunter)                     Turns: 800, Time: 00:00:02

Health: -2/18      AC:  2    Str:  7    XL:     3   Next: 48%
Magic:  4/4        EV: 10    Int: 10    God:
Gold:   30         SH:  0    Dex: 20    Spells: 2/2 levels left

rFire   . . .        a - +0 shortbow
rCold   . . .        (shield currently unavailable)
rNeg    . . .        c - +0 robe
rPois   .            (helmet restricted)
rElec   .            (no cloak)
rCorr   .            (gloves unavailable)
SInv    +            (boots unavailable)
Will    .....        (no amulet)
Stlth   ++           (no ring)
HPRegen 0.23/turn    (no ring)
MPRegen 0.09/turn

%: no passive effects
@: held, very quick
A: very small, no large weapons, unfitting armour, see invisible, speed 3
a: no special abilities


You were on level 2 of the Dungeon.
You visited 1 branch of the dungeon, and saw 2 of its levels.

You collected 30 gold pieces.


Innate Abilities, Weirdness & Mutations

You are very small and have problems with some larger weapons.
You are too small for most types of armour.
You have supernaturally acute eyesight. (SInv)
You cover ground extremely quickly. (Speed+++)


   Skills:
 - Level 1.5 Fighting
 + Level 4.8 Ranged Weapons
 - Level 4.0 Dodging
 - Level 1.5 Stealth


You had 2 spell levels left.
You didn't know any spells.
Your spell library was empty.

Inventory:

Hand Weapons
 a - a +0 shortbow (weapon)
Armour
 c - a +0 robe (worn)
Scrolls
 b - a scroll of fear {unknown}
 d - a scroll of identify
Potions
 h - a potion of enlightenment

Dungeon Overview and Level Annotations

Branches:
Dungeon (2/15)

Altars:


Message History

The kobold is severely wounded.
An adder comes into view.
The giant cockroach barely misses you.
You shoot an arrow.
The arrow hits the giant cockroach but does no damage.
The giant cockroach misses you.
You shoot an arrow. The arrow hits the giant cockroach!
You kill the giant cockroach!
You shoot an arrow.
The arrow hits the ribbon worm but does no damage.
The ribbon worm misses you.
You shoot an arrow. The arrow misses the adder.
The adder completely misses you. The ribbon worm misses you.
The adder closely misses you.
You shoot an arrow. The arrow barely misses the adder.
The adder closely misses you. The ribbon worm closely misses you.
You shoot an arrow. The arrow misses the adder.
The adder closely misses you. The ribbon worm barely misses you.
The adder closely misses you.
You shoot an arrow. The arrow hits the adder.
The adder is lightly wounded.
The adder closely misses you. The ribbon worm closely misses you.
You shoot an arrow. The arrow barely misses the adder.
The adder completely misses you. x2; The ribbon worm closely misses you.
You shoot an arrow.
The arrow hits the adder but does no damage.
The adder is lightly wounded.
The adder completely misses you. The ribbon worm closely misses you.
You shoot an arrow. The arrow hits the adder.
The adder is severely wounded.
The adder closely misses you. The adder bites you. The ribbon worm bites you.
You shoot an arrow. The arrow barely misses the adder.
The adder barely misses you.
The ribbon worm expels a string of sticky webbing.
The stream of webbing hits you but does no damage.
You are caught in a web!
The adder bites you. The adder bites you but does no damage.
The ribbon worm bites you! The adder misses you. The adder bites you.
The ribbon worm bites you!
You die...

##### ##... ...#
#####..# #...#..#
#......# ####.##S###
#....#..@.#
#.######w##
##.######.### .K.
............# }...}
..#######.###.......
........#...#.<.}.>.#
#######.#..##.......#
........#..###}.>.}##
......#......##


You could see a ribbon worm (catching breath), an adder and a kobold.

Vanquished Creatures
  An adder (D:2)
  A dart slug (D:1)
  A ribbon worm (D:2)
  2 bats (D:1)
  3 endoplasms (D:1)
  3 giant cockroaches
  3 goblins (D:1)
  2 jackals (D:1)
  7 quokkas (D:1)
  2 ball pythons (D:1)
  2 frilled lizards
  2 rats
29 creatures vanquished.

Notes
Turn   | Place    | Note
-------+----------+-------------------------------------------
     0 | D:1      | qw the Spriggan Hunter began the quest for the Orb.
     0 | D:1      | Reached XP level 1. HP: 10/10 MP: 2/2
     0 | D:1      | 0 ||| qw: Version: 0.3-a-160-g6735b56
     0 | D:1      | 0 ||| qw: Game counter: 5358
     0 | D:1      | 0 ||| qw: Melee chars always use a shield: true
     0 | D:1      | 0 ||| qw: God list: Okawaru
     0 | D:1      | 0 ||| qw: Allow faded altars: false
     0 | D:1      | 0 ||| qw: Do Orc after clearing Dungeon:15 true
     0 | D:1      | 0 ||| qw: Do second Lair branch before Depths: true
     0 | D:1      | 0 ||| qw: Lair rune preference: random
     0 | D:1      | 0 ||| qw: Goals: Normal
     0 | D:1      | 0 ||| PLANNING D:1-11
    53 | D:1      | Reached skill level 3 in Dodging
   118 | D:1      | Reached XP level 2. HP: 14/14 MP: 3/3
   510 | D:1      | Reached XP level 3. HP: 18/18 MP: 4/4
   618 | D:1      | 618 ||| READING 3 scrolls labelled NINLEMP BUDD.
   618 | D:1      | 618 ||| IDENTIFYING purple potion
   619 | D:1      | 619 ||| READING 2 scrolls of identify.
   619 | D:1      | 619 ||| IDENTIFYING brown potion
   620 | D:1      | 620 ||| READING scroll of identify.
   620 | D:1      | 620 ||| IDENTIFYING scroll labelled HEB ZEARPHOYT
   621 | D:1      | 621 ||| READING scroll labelled JUSYNE OG LUG.
   621 | D:1      | 621 ||| ENCHANTING +0 shortbow.
   622 | D:1      | 622 ||| DROPPING scroll of butterflies.
   623 | D:1      | 623 ||| DROPPING scroll of revelation.
   624 | D:1      | 624 ||| DROPPING potion of ambrosia.
   800 | D:2      | Slain by a ribbon worm

Levels and vault maps discovered:
D:1:      lightli_arrival_statue_moat, layout_loops_ring, minmay_misc_feat_rows,
          minmay_strange_pillars
D:2:      minmay_chambers_of_twos, layout_basic, basic_altar,
          grunt_ministairs_7, minmay_bisected, uniq_natasha

Skill      XL: |  1  2 |
---------------+-------+-----
Dodging        | 3 4 |  4.0
Fighting       | |  1.5
Ranged Weapons | |  4.8
Stealth        | |  1.5

Action                     || total
---------------------------++-------
   Fire: Shortbow          ||    77
    Use: Scroll            ||     4
 Armour: Robe              ||     9
  Dodge: Dodged            ||    32

Table legend:
 A = Non-vault XP
 B = Vault XP
 C = Vault XP percentage of total XP
 D = Non-vault monster count
 E = Vault monster count
 F = Vault count percentage of total count
                 A         B        C        D         E       F
            +---------+---------+-------+---------+---------+-------
      Total |      68 |       0 |   0.0 |      29 |       0 |   0.0
            +---------+---------+-------+---------+---------+-------
        D:1 |      46 |       0 |   0.0 |      24 |       0 |   0.0
        D:2 |      22 |       0 |   0.0 |       5 |       0 |   0.0
            +---------+---------+-------+---------+---------+-------
